Map: Romanticide LE

Players

Flintytrex

  • Race: Zerg Zerg
  • League: Platinum
  • Spawn Location: 11:00

Massa - Winner!

  • Race: Terran Terran
  • League: Platinum
  • Spawn Location: 5:00

VOD

Have the link to the VOD?

Description

Time

  • Played on: Jan. 6, 2021, 5:28 p.m.
  • Length: 24:19
Show
View Real Time Build Order
Export as new Build Order

Flintytrex Zerg 

Build Orders: Hatch First 

Get SALT Encoding   

  12  0:00  Drone  
  13  0:13  Overlord  
  13  0:17  Drone  
  14  0:31  Drone x2  
  16  0:53  Hatchery  
  16  0:55  Drone  
  16  0:56  Drone  
  17  1:02  Drone  
  18  1:11  Extractor  
  18  1:18  Spawning Pool  
  16  1:21  Drone  
  17  1:40  Hatchery  
  16  2:05  Queen x2  
  20  2:09  Drone x2  
  22  2:19  Drone  
  23  2:40  Drone x4  
  23  2:41  Drone  
  28  2:54  Metabolic Boost  
  28  3:00  Overlord x2  
  28  3:11  Hatchery  
  28  3:12  Drone  
  28  3:18  Queen x2  
  32  3:35  Zergling x4  
  32  3:36  Zergling x2  
  32  3:37  Drone  
  32  3:38  Drone x5  
  32  3:39  Drone  
  42  3:57  Drone x2  
  42  3:58  Overlord  
  44  4:05  Evolution Chamber x2  
  44  4:07  Baneling Nest  
  41  4:18  Drone x2  
  43  4:35  Pneumatized Carapace  
  43  4:41  Drone x7  
  43  4:42  Overlord  
  43  4:45  Extractor  
  48  4:46  Extractor  
  45  5:29  Drone x2  
  45  5:30  Drone x4  
  45  5:32  Drone x4  
  45  5:33  Drone, Overlord  
  45  5:34  Queen  
  58  5:50  Queen  
  58  5:55  Lair  
  60  5:59  Zerg Melee Weapons Level 1  
  60  6:00  Zerg Ground Armor Level 1  
  60  6:17  Extractor  
  59  6:29  Zergling x4  
  59  6:30  Zergling x6  
  59  6:32  Drone x2  
  66  6:33  Overlord x4  
  66  6:34  Overlord x2  
  66  6:50  Hatchery  
  65  6:57  Queen  
  65  6:59  Overseer  
  67  7:07  Hydralisk Den  
  66  7:09  Spore Crawler  
  66  7:10  Drone, Spore Crawler  
  66  7:11  Drone x10  
  75  7:22  Zergling x14  
  82  7:24  Hatchery  
  81  7:50  Overseer  
  76  7:57  Zergling x2  
  76  7:58  Zergling x16  
  69  8:17  Zergling x2  
  69  8:18  Zergling x8  
  67  8:30  Zergling x10  
  69  8:57  Queen  
  69  8:58  Queen  
  69  9:00  Drone x11  
  84  9:03  Extractor x2  
  82  9:10  Zerg Ground Armor Level 2  
  82  9:13  Zergling x2  
  82  9:14  Zergling x26  
  96  9:17  Grooved Spines  
  96  9:21  Zerg Missile Weapons Level 1  
  96  9:50  Drone  
  96  9:51  Drone x2  
  99  9:58  Hydralisk  
  99  9:59  Hydralisk x12  
  109  10:02  Overlord x6  
  125  10:22  Baneling  
  125  10:23  Baneling x11  
  125  10:29  Muscular Augments  
  125  10:32  Infestation Pit  
  124  10:55  Overseer  
  124  10:56  Overseer x2  
  124  10:57  Overseer  
  124  11:02  Queen  
  126  11:26  Hydralisk  
  126  11:27  Hydralisk x18  
  126  11:28  Hydralisk x3  
  126  11:30  Zergling x6  
  173  11:33  Overlord x4  
  173  11:34  Overlord x2  
  173  11:39  Hive  
  173  11:45  Zerg Missile Weapons Level 2  
  173  11:47  Zerg Melee Weapons Level 2  
  173  12:30  Lurker Den  
  172  13:01  Ultralisk Cavern  
  172  13:03  Viper x3  
  180  13:12  Extractor  
  180  13:15  Extractor  
  158  13:36  Zergling x2  
  158  13:37  Zergling x48  
  158  13:38  Zergling x4  
  179  13:58  Chitinous Plating  
  179  14:18  Zerg Missile Weapons Level 3, Zerg Ground Armor Level 3  
  179  14:28  Ultralisk x3  
  190  14:31  Zergling x2  
  190  14:32  Zergling x24  
  133  14:55  Hydralisk x10  
  133  14:58  Zergling x2  
  133  14:59  Zergling x2  
  129  15:16  Anabolic Synthesis  
  119  15:23  Ultralisk  
  119  15:24  Ultralisk  
  119  15:26  Zergling x2  
  119  15:27  Zergling x20  
  93  15:53  Ultralisk  
  93  15:54  Ultralisk  
  101  16:10  Ultralisk x2  
  112  16:12  Zergling x16  
  112  16:13  Zergling x14  
  127  16:19  Queen  
  120  16:43  Ultralisk  
  120  16:44  Ultralisk  
  119  16:50  Zergling x16  
  119  16:51  Zergling x12  
  133  16:56  Zerg Melee Weapons Level 3  
  133  17:04  Drone x4  
  137  17:13  Ultralisk  
  137  17:15  Zergling x6  
  144  17:16  Zergling x14  
  144  17:21  Hatchery  
  152  17:25  Adrenal Glands  
  152  17:38  Drone  
  152  17:39  Drone x3  
  152  17:42  Ultralisk  
  152  17:43  Hydralisk x2  
  166  17:44  Zergling x2  
  166  17:45  Zergling x2  
  154  18:12  Ultralisk  
  154  18:13  Ultralisk  
  142  18:35  Hydralisk  
  142  18:36  Hydralisk x9  
  142  18:39  Zergling x6  
  156  18:47  Drone x4  
  115  19:24  Ultralisk x3  
  115  19:25  Hydralisk  
  115  19:28  Zergling x4  
  131  19:49  Extractor  
  129  19:53  Extractor  
  128  20:00  Hatchery  
  127  20:34  Ultralisk x3  
  163  20:39  Hydralisk x4  
  163  20:40  Hydralisk  
  174  20:42  Zergling x2  
  174  20:43  Zergling x2  
  174  20:44  Zergling x2  
  176  20:51  Overlord x2  
  176  20:53  Overseer  
  176  20:54  Overseer x3  
  152  21:13  Hydralisk x2  
  152  21:14  Hydralisk x13  
  176  21:39  Ultralisk x2  
  175  21:41  Zergling x6  
  116  22:13  Ultralisk  
  100  22:22  Zergling x20  
  110  22:23  Zergling x28  
  124  22:39  Ultralisk  
  124  22:40  Zergling x8  
  124  22:41  Zergling x6  
  131  23:11  Ultralisk  
  114  23:17  Ultralisk  
  92  23:28  Zergling x30  
  92  23:29  Zergling x4  
Show
View Real Time Build Order
Export as new Build Order

Massa Terran - Winner!

Build Orders:  

Get SALT Encoding   

  12  0:00  SCV  
  13  0:12  SCV  
  14  0:18  Supply Depot  
  14  0:24  SCV  
  15  0:40  SCV  
  16  0:45  Barracks  
  16  0:52  Refinery, SCV  
  17  0:58  Refinery  
  17  1:04  SCV  
  18  1:16  SCV  
  19  1:28  SCV  
  19  1:32  Marine  
  20  1:36  Supply Depot  
  21  1:40  Orbital Command  
  21  1:50  Marine  
  22  1:55  Factory  
  22  2:07  Supply Depot  
  22  2:09  SCV  
  23  2:18  Marine  
  23  2:21  SCV  
  25  2:30  Supply Depot  
  25  2:35  Marine  
  25  2:36  SCV  
  27  2:49  Factory Reactor  
  29  2:51  Hellion  
  29  3:02  Command Center  
  29  3:05  Barracks Tech Lab  
  31  3:13  Hellion  
  31  3:14  Engineering Bay  
  31  3:23  SCV  
  32  3:33  Marine  
  33  3:35  SCV  
  33  3:37  Hellion  
  35  3:51  Marine  
  36  3:58  Missile Turret  
  36  3:59  Widow Mine  
  38  4:03  Starport  
  38  4:17  Orbital Command  
  38  4:20  SCV  
  39  4:32  SCV  
  39  4:35  Factory Tech Lab, Stimpack  
  40  4:42  Missile Turret  
  40  4:44  SCV  
  37  5:16  Marauder  
  37  5:19  Siege Tank  
  37  5:20  Starport Reactor  
  37  5:21  SCV x2  
  40  5:27  Refinery  
  40  5:28  Terran Infantry Weapons Level 1  
  40  5:32  Armory  
  40  5:33  SCV x2  
  42  5:39  Barracks, Supply Depot  
  42  5:43  Command Center  
  42  5:45  SCV  
  42  5:48  Barracks  
  42  5:49  Barracks  
  43  5:53  Siege Tank  
  46  5:57  SCV  
  46  5:58  SCV  
  46  6:03  Medivac  
  46  6:04  Medivac  
  52  6:10  SCV  
  53  6:13  SCV, Engineering Bay  
  53  6:16  Marine  
  55  6:19  Combat Shield  
  55  6:22  SCV  
  55  6:25  Widow Mine, SCV  
  59  6:33  Medivac  
  59  6:37  Refinery  
  61  6:43  Marine  
  61  6:45  Barracks Reactor x2, Barracks Tech Lab  
  61  6:46  Widow Mine  
  64  7:00  Viking  
  64  7:01  Marine  
  67  7:04  Marine  
  67  7:05  SCV x2  
  70  7:17  SCV, Sensor Tower  
  70  7:18  SCV  
  70  7:19  Marauder  
  70  7:21  Marine, Missile Turret  
  75  7:26  Terran Infantry Weapons Level 2  
  75  7:27  Supply Depot  
  75  7:29  SCV  
  76  7:30  SCV, Supply Depot x2  
  77  7:42  SCV x2  
  79  7:55  Supply Depot  
  77  8:12  Marauder x2, Marine  
  75  8:13  Marine x3  
  74  8:30  Marine x2  
  74  8:31  Marine  
  74  8:33  Marauder  
  74  8:34  Marauder  
  78  8:53  Medivac x2  
  78  8:55  Marauder x2  
  86  8:57  Planetary Fortress  
  86  9:02  SCV x2  
  88  9:11  Marine x2  
  88  9:12  Marine x2  
  88  9:14  SCV x2  
  88  9:16  Marauder x2, Siege Tank  
  101  9:19  Concussive Shells  
  101  9:23  Medivac x2  
  105  9:26  SCV  
  105  9:29  Refinery, Marine x4  
  110  9:36  Terran Infantry Armor Level 1  
  110  9:37  Marine  
  110  9:38  Marauder, Terran Vehicle Weapons Level 1  
  113  9:42  Terran Infantry Weapons Level 3, Missile Turret  
  113  9:43  Missile Turret  
  113  9:44  SCV x3  
  116  9:47  Marine  
  117  9:58  Supply Depot  
  117  10:00  Supply Depot x2  
  117  10:02  Supply Depot  
  117  10:03  Supply Depot  
  117  10:06  Factory  
  117  10:09  Factory  
  117  10:12  Sensor Tower  
  117  10:19  SCV x2, Marine x2  
  117  10:20  Marauder x2  
  125  10:21  SCV, Siege Tank, Marine, Supply Depot  
  125  10:22  Supply Depot  
  125  10:28  Supply Depot  
  130  10:30  Supply Depot  
  130  10:32  SCV x2  
  130  10:33  SCV  
  133  10:41  Marauder x2  
  137  10:44  SCV x2  
  137  10:45  SCV  
  140  10:50  Marine x3  
  140  10:51  Factory Reactor  
  140  10:53  Factory Reactor, Siege Tank  
  140  10:56  Infernal Pre-Igniter  
  146  10:59  SCV  
  146  11:00  SCV x2  
  146  11:03  Marauder x2  
  153  11:08  Command Center  
  153  11:10  Refinery  
  153  11:12  SCV x3  
  155  11:24  SCV, Marauder  
  158  11:32  Supply Depot x2  
  158  11:33  Supply Depot  
  158  11:34  Supply Depot  
  158  11:37  Supply Depot  
  158  11:42  Hellion  
  158  11:43  Hellion x4  
  168  11:54  Supply Depot  
  168  11:56  Supply Depot  
  168  11:57  Terran Infantry Armor Level 2, Supply Depot  
  168  11:58  Supply Depot  
  168  12:01  Terran Vehicle Weapons Level 2  
  168  12:04  Hellion x5  
  178  12:15  Smart Servos  
  174  12:25  Hellion  
  174  12:26  Hellion x3  
  182  12:36  Hellion  
  184  12:39  Marauder, Marine x2  
  188  12:47  Hellion x4  
  196  12:52  Planetary Fortress  
  196  12:56  SCV x3  
  199  13:08  SCV  
  200  13:12  Hi-Sec Auto Tracking  
  200  13:33  Drilling Claws  
  174  13:43  Hellion x5  
  178  13:54  Refinery  
  178  13:56  Refinery  
  178  14:03  Sensor Tower  
  178  14:04  Hellion x2  
  178  14:05  Sensor Tower  
  178  14:08  Missile Turret  
  178  14:09  Neosteel Armor  
  182  14:19  Supply Depot, Ghost Academy  
  182  14:21  Supply Depot  
  182  14:30  Missile Turret  
  178  14:43  Supply Depot  
  178  14:44  Supply Depot  
  154  14:49  Hellion x5  
  159  14:54  Medivac x2  
  138  15:24  Marauder x2, Marine, Medivac  
  138  15:25  Marine x3  
  138  15:26  Siege Tank  
  138  15:27  Widow Mine x4  
  153  15:42  Marine x4  
  136  15:45  Marauder  
  136  15:46  Marauder  
  136  15:48  Widow Mine  
  136  15:49  Widow Mine  
  137  15:58  Siege Tank  
  137  16:00  Marine x4  
  140  16:07  Marauder x2  
  140  16:28  Marauder  
  140  16:29  Marauder  
  140  16:30  Marine, Siege Tank  
  128  16:49  Widow Mine, Marauder  
  128  16:50  Widow Mine x3, Marauder  
  128  16:51  Marine  
  128  16:52  Marine x3  
  144  16:59  Barracks  
  144  17:00  Barracks x2  
  144  17:01  Barracks  
  144  17:02  Siege Tank  
  147  17:09  Marine  
  147  17:10  Marine x3, Command Center  
  147  17:11  Widow Mine x2, Marauder x2  
  147  17:13  Terran Infantry Armor Level 3  
  159  17:27  Marine  
  159  17:28  Marine  
  159  17:29  Marine x2  
  163  17:32  Marauder  
  163  17:33  Marauder  
  163  17:34  Siege Tank  
  163  17:35  Terran Vehicle Weapons Level 3  
  170  17:37  Command Center  
  170  17:45  Marine  
  170  17:46  Marine  
  170  17:47  Marine x2  
  174  17:54  Marauder x2  
  178  18:03  Marine  
  178  18:04  Marine  
  178  18:05  Marine x2  
  171  18:06  Siege Tank  
  162  18:15  Marauder x2  
  166  18:20  Marine  
  166  18:22  Marine x3  
  130  18:36  Marauder  
  130  18:37  Marauder  
  130  18:38  Widow Mine x2  
  130  18:39  Widow Mine x2  
  138  18:42  Siege Tank  
  138  18:45  Barracks Reactor, Barracks Tech Lab x2  
  138  18:46  Barracks Reactor  
  138  18:48  Marine x4  
  143  18:58  Marauder x2  
  143  19:00  Widow Mine  
  149  19:05  Marine  
  149  19:06  Marine x3  
  153  19:14  Siege Tank  
  150  19:19  Marauder  
  150  19:20  Marauder  
  150  19:23  Marine  
  150  19:24  Marine  
  153  19:28  Planetary Fortress  
  153  19:30  Marauder  
  153  19:31  Marauder, Marine x6  
  159  19:33  Widow Mine x2  
  159  19:34  Widow Mine x2  
  172  19:41  Marauder x2, Marine  
  172  19:42  Marine  
  178  19:46  Siege Tank  
  178  19:49  Marine x5  
  178  19:52  Marauder x2  
  190  19:54  Planetary Fortress  
  190  19:55  Widow Mine x2  
  190  19:58  Sensor Tower  
  194  20:02  Marauder x2, Sensor Tower  
  194  20:06  Supply Depot x2  
  194  20:07  Supply Depot x2  
  198  20:12  Terran Vehicle And Ship Armor Level 1  
  198  20:13  Marauder  
  200  20:29  Refinery  
  200  20:30  Refinery  
  152  21:59  Marauder, Marine  
  152  22:00  Marauder x3, Medivac x2  
  136  22:21  Marauder x4, Marine x8  
  152  22:30  Medivac x2  
  152  22:32  Siege Tank  
  152  22:33  Widow Mine  
  152  22:34  Widow Mine x3  
  167  22:38  Marine  
  167  22:39  Marine x7  
  167  22:42  Marauder x2  
  167  22:43  Marauder x2  
  183  22:44  Command Center  
  182  22:55  Widow Mine x4  
  190  23:00  Marine, Medivac  
  190  23:01  Marine x2  
  190  23:04  Marauder x2  
  181  23:16  Widow Mine  
  181  23:17  Widow Mine x3  
  169  23:25  Marauder x2  
  164  23:46  Marauder x3, Marine  
  164  23:47  Marauder, Marine x3  
Tags
 
Add a new tag
Caveats
  • Supply blocks, unpowered buildings, or Contaminate may cause inaccurate times.
  • Supply counts are checked every 10 seconds.